 Dungeon Crawl Stone Soup version 0.31-a0-590-g8a5a4361df (webtiles) character file.

Game seed: 12879796323528344976

2176703 Ge0ff the Magus (level 27, 218/218 (221) HPs)
             Began as a Barachi Enchanter on Aug 19, 2023.
             Was an Elder of Nemelex Xobeh.
             Escaped with the Orb
             ... and 4 runes on Aug 20, 2023!
             The game lasted 03:47:14 (78651 turns).

Ge0ff the Magus (Barachi Enchanter)                Turns: 78651, Time: 03:47:14

HP:   218/218 (221) AC: 20    Str: 14    XL:     27
MP:   39/44         EV: 23    Int: 24    God:    Nemelex Xobeh [****..]
Gold: 5281          SH: 20    Dex: 23    Spells: 23/60 levels left

rFire   + . .        a - +9 scimitar "Pidagim" {speed, rElec Will+ Stlth-}
rCold   + . .        x - +5 kite shield {reflect}
rNeg    + . .        Q - +3 troll leather armour
rPois   .            f - +1 hat
rElec   +            N - scarf {rC+ rF+}
rCorr   +            m - +2 pair of gloves {Dex+3}
SInv    +            t - +2 pair of boots {rampage}
Will    +++..        e - amulet of Zijuiriu {Faith rElec rCorr}
Stlth   ++           r - ring "Ezukeh" {rN+ Str+3 SInv, =R}
HPRegen 1.36/turn    Z - ring "Keoduot" {AC+4 Int+3 Slay+3}
MPRegen 0.29/turn

%: reflection, clarity, rampage, faith
@: studying Axes, lightly drained, slow
A: amphibious, slowness 1, strong legs 2, +LOS, hooves 1, camouflage 1, clarity,
subdued magic 1, inability to drink after injury 1, MP-powered wands
0: Orb of Zot
}: 4/15 runes: serpentine, barnacled, silver, abyssal
a: Hop, Renounce Religion, Draw Escape, Draw Destruction, Draw Summoning, Draw
Stack, Triple Draw, Deal Four


You escaped.
You worshipped Nemelex Xobeh.
Nemelex Xobeh was greatly pleased with you.
You visited 10 branches of the dungeon, and saw 50 of its levels.
You visited the Abyss 1 time.
You also visited: Gauntlet and Ice Cave.

You collected 12273 gold pieces.
You spent 6992 gold pieces at shops.

Inventory:

Hand Weapons
 a - the +9 scimitar "Pidagim" (weapon) {speed, rElec Will+ Stlth-}
   (You found it on level 8 of the Dungeon)

   rElec:     It insulates you from electricity.
   Will+:     It increases your willpower.
   Stlth-:    It makes you less stealthy.
 b - a +9 spectral demon blade
 w - the +8 dagger "Wini" {freeze, rN++ Int+3}
   (You found it on level 2 of the Depths)

   Int+3:     It affects your intelligence (+3).
   rN++:      It greatly protects you from negative energy.
Missiles
 g - 2 throwing nets {=F}
 h - 8 darts of dispersal
 v - 13 curare-tipped darts {=F}
 D - 8 silver javelins
 G - 5 javelins (quivered)
Armour
 f - a +1 hat (worn)
 m - a +2 pair of gloves of dexterity (worn)
 t - a +2 pair of boots of rampaging (worn)
 x - a +5 kite shield of reflection (worn)
 L - a +2 cloak of poison resistance
 N - a scarf of resistance (worn)
 Q - a +3 troll leather armour (worn)
 S - +2 storm dragon scales
Jewellery
 e - the amulet of Zijuiriu (around neck) {Faith rElec rCorr}
   (You bought it in a shop on level 4 of the Snake Pit)

   [amulet of faith]

   Faith:     It allows you to gain divine favour quickly.
   rElec:     It insulates you from electricity.
   rCorr:     It protects you from acid and corrosion.
 i - a ring of protection from fire
 r - the ring "Ezukeh" (left hand) {rN+ Str+3 SInv, =R}
   (You took it off a merfolk siren on level 4 of the Shoals)

   [ring of see invisible]

   Str+3:     It affects your strength (+3).
   rN+:       It protects you from negative energy.
   SInv:      It lets you see invisible.
 A - a ring of poison resistance
 Y - the ring "Xitoc" {*Corrode rElec Will+ Int+5 Slay+4}
   (You bought it in a shop on level 4 of the Shoals)

   [ring of slaying]

   Int+5:     It affects your intelligence (+5).
   Slay+4:    It affects your accuracy & damage with ranged weapons and melee
   (+4).
   rElec:     It insulates you from electricity.
   Will+:     It increases your willpower.
   *Corrode:  It may corrode you when you take damage.
 Z - the ring "Keoduot" (right hand) {AC+4 Int+3 Slay+3}
   (You bought it in a shop on level 4 of the Shoals)

   [ring of protection]

   AC+4:      It affects your AC (+4).
   Int+3:     It affects your intelligence (+3).
   Slay+3:    It affects your accuracy & damage with ranged weapons and melee
   (+3).
Wands
 d - a wand of digging (4)
 j - a wand of acid (11)
 k - a wand of iceblast (46)
 p - a wand of paralysis (29)
 s - a wand of mindburst (25)
 P - a wand of polymorph (12)
Scrolls
 y - 3 scrolls of immolation
 B - 4 scrolls of blinking
 C - a scroll of poison
 E - 9 scrolls of fear
 F - 7 scrolls of fog
 J - 2 scrolls of silence {!r}
 T - 18 scrolls of teleportation
 V - 7 scrolls of vulnerability
Potions
 o - 8 potions of ambrosia
 q - 33 potions of curing
 u - 2 potions of mutation {!q}
 z - 5 potions of brilliance
 H - 3 potions of haste {!q}
 I - 2 potions of invisibility
 K - 4 potions of magic {!q}
 M - 5 potions of might
 R - 2 potions of resistance
 W - 8 potions of heal wounds {!q}
 X - 8 potions of enlightenment
Miscellaneous
 c - a condenser vane (inert)
 l - a lightning rod (2/4)
 n - a phial of floods
 O - a box of beasts
 U - a phantom mirror


   Skills:
 - Level 19.0 Fighting
 - Level 10.0(13.0) Short Blades
 - Level 14.6(16.0) Long Blades
 - Level 6.0 Throwing
 + Level 14.9 Armour
 + Level 14.5 Dodging
 + Level 11.8 Stealth
 - Level 15.0 Shields
 - Level 17.0 Spellcasting
 - Level 18.0 Conjurations
 - Level 8.0 Hexes
 - Level 5.0 Summonings
 - Level 10.0 Translocations
 - Level 12.0 Transmutations
 - Level 10.0 Ice Magic
 - Level 10.0 Air Magic
 - Level 12.0 Earth Magic
 - Level 20.0 Invocations
 - Level 17.0 Evocations


You had 23 spell levels left.
You knew the following spells:

 Your Spells              Type           Power      Damage    Failure   Level
d - Iskenderun's Mystic   Conj/Tloc      61%        2d13      1%          4
f - Summon Guardian Gole  Hex/Summ       39%        N/A       1%          3
g - Apportation           Tloc           100%       N/A       1%          1
h - Lee's Rapid Deconstr  Erth           28%        3d15*     1%          5
j - Ensorcelled Hibernat  Hex/Ice        96%        N/A       1%          2
s - Confusing Touch       Hex            45%        N/A       1%          3
w - Passwall              Tmut/Erth      46%        N/A       1%          2
y - Yara's Violent Unrav  Hex/Tmut       25%        3d11      1%          5
B - Blink                 Tloc           100%       N/A       1%          2
C - Freezing Cloud        Conj/Ice/Air   29%        6-21      1%          5
E - Irradiate             Conj/Tmut      31%        3d22      1%          5

Your spell library contained the following spells:

 Spells                   Type           Power      Damage    Failure   Level
 Shock                    Conj/Air       100%       1d9       0%          1
 Momentum Strike          Conj/Tloc      100%       3d10      0%          2
 Freeze                   Ice            100%       1d10      1%          1
 Kiss of Death            Conj/Necr      100%       2d13      1%          1
 Sandblast                Erth           100%       2d20      1%          1
 Slow                     Hex            100%       N/A       1%          1
 Summon Small Mammal      Summ           100%       N/A       1%          1
 Cigotuvi's Dreadful Rot  Necr/Pois/Air  54%        N/A       1%          2
 Poisonous Vapours        Pois/Air       68%        N/A       1%          2
 Wereblood                Tmut           56%        N/A       1%          2
 Call Canine Familiar     Summ           34%        N/A       1%          3
 Dazzling Flash           Conj/Hex       100%       N/A       1%          3
 Frozen Ramparts          Ice            100%       1d16      1%          3
 Hailstorm                Conj/Ice       61%        3d13      1%          3
 Mephitic Cloud           Conj/Pois/Air  50%        N/A       1%          3
 Ozocubu's Armour         Ice            51%        N/A       1%          3
 Portal Projectile        Hex/Tloc       96%        N/A       1%          3
 Swiftness                Air            51%        N/A       1%          3
 Tukima's Dance           Hex            45%        N/A       1%          3
 Vhi's Electric Charge    Tloc/Air       100%       N/A       1%          3
 Volatile Blastmotes      Fire/Tloc      68%        2d15      1%          3
 Cause Fear               Hex            22%        N/A       1%          4
 Flame Wave               Conj/Fire      48%        2d12      1%          4
 Fulminant Prism          Conj/Hex       29%        3d13      1%          4
 Leda's Liquefaction      Hex/Erth       25%        N/A       1%          4
 Manifold Assault         Tloc           51%        N/A       1%          4
 Petrify                  Tmut/Erth      56%        N/A       1%          4
 Summon Ice Beast         Ice/Summ       43%        N/A       1%          4
 Arcjolt                  Conj/Air       30%        1d40      1%          5
 Iskenderun's Battlesphe  Conj           70%        2d12      1%          5
 Conjure Ball Lightning   Conj/Air       30%        3x3d10    1%          6
 Leda's Unmaking          Conj/Erth      31%        9d6       1%          6
 Orb of Destruction       Conj           35%        9d10      1%          7
 Ignite Poison            Fire/Tmut/Pois 30%        N/A       2%          3
 Inner Flame              Hex/Fire       30%        N/A       2%          3
 Fireball                 Conj/Fire      24%        3d11      2%          5
 Metabolic Englaciation   Hex/Ice        24%        N/A       2%          5
 Necrotise                Necr           60%        1d7       4%          1
 Summon Forest            Summ/Tloc      21%        N/A       5%          5
 Scorch                   Fire           30%        2d6       7%          2
 Sublimation of Blood     Necr           15%        N/A       7%          2
 Anguish                  Hex/Necr       15%        N/A       9%          4
 Summon Mana Viper        Hex/Summ       39%        N/A       9%          5
 Alistair's Intoxication  Tmut/Pois      24%        N/A       11%         5
 Borgnjor's Vile Clutch   Necr/Erth      18%        N/A       11%         5
 Vampiric Draining        Necr           15%        2d7       13%         3
 Starburst                Conj/Fire      24%        6d8       17%         6
 Spellforged Servitor     Conj/Summ      27%        N/A       34%         7
 Animate Dead             Necr           15%        N/A       43%         4
 Dispel Undead            Necr           15%        3d10      43%         4
 Olgreb's Toxic Radiance  Pois           15%        N/A       43%         4
 Eringya's Noxious Bog    Tmut/Pois      18%        4d6       52%         6
 Ozocubu's Refrigeration  Ice            25%        4d13      54%         7
 Simulacrum               Ice/Necr       17%        N/A       67%         6
 Summon Cactus Giant      Summ           17%        N/A       67%         6
 Agony                    Necr           15%        N/A       80%         5
 Enfeeble                 Hex            22%        N/A       83%         7
 Summon Hydra             Summ           17%        N/A       99%         7
 Maxwell's Capacitive Co  Air            25%        ∞         99%         8
 Death Channel            Necr           7%         N/A       100%        6
 Haunt                    Necr/Summ      12%        N/A       100%        7
 Borgnjor's Revivificati  Necr           7%         N/A       100%        8
 Discord                  Hex            22%        N/A       100%        8
 Ignition                 Fire           7%         3d5       100%        8
 Death's Door             Necr           7%         N/A       100%        9
 Dragon's Call            Summ           17%        N/A       100%        9
 Polar Vortex             Ice            25%        12d3*     100%        9


Dungeon Overview and Level Annotations

Branches:
Dungeon (15/15)            Temple (0/1) D:5            Lair (5/5) D:10
 Shoals (4/4) Lair:2        Snake (4/4) Lair:3        Slime (0/5) Lair:4
    Orc (2/2) D:11            Elf (3/3) Orc:2        Vaults (5/5) D:13
  Crypt (3/3) Vaults:2       Tomb (0/3) Crypt:3      Depths (4/4) D:15
    Zot (5/5) Depths:4      IceCv (visited)         Gauntlet (visited)

Altars:
Ashenzari
Elyvilon
Fedhas
Hepliaklqana
Kikubaaqudgha
Nemelex Xobeh
Okawaru
Sif Muna
Trog
Vehumet
Yredelemnul
Jiyva

Shops:
D:6 [   Orc:1 *   Orc:2 (:[   Shoals:4 =   Snake:1 :   Snake:4 *   Vaults:2 [
Zot:5 *   Depths:2 =::

Portals:
Hell: Depths:1 Depths:2 Depths:3 Depths:4
Abyss: Depths:1 Depths:3 Depths:4
Pandemonium: Depths:2
Ziggurat: Depths:1
Trove: Depths:1 (give +3 storm dragon scales)

Annotations:
D:12 vault with dtem
Depths:3 Boris


Innate Abilities, Weirdness & Mutations

You are amphibious.
You cover ground slowly.
You can hop long distances.
You have an extended range of vision and can be seen from far away.
You have large cloven feet.
Your skin changes colour to match your surroundings (Stealth+).
You possess an exceptional clarity of mind.
Your spells are a little easier to cast, but a little less powerful.
You occasionally lose the ability to drink potions when taking damage.
You expend magic power (3 MP) to strengthen your wands.


Message History

You feel very sick. The balrug gestures at you. The bolt of fire misses you.
You slice the balrug!!
You kill the balrug!
You feel sick.
Aiming: Mindburst
Press: ? - help, Shift-Dir - straight line, f - neqoxec
Aim: a neqoxec (chance to affect: 93%)
You feel a surge of power!
The neqoxec's mind is blasted!!!
You blow up the neqoxec!
You feel very sick.
You feel very sick.
Things that are here:
a +0 dagger; a +0 robe You feel better.
You open the door.
A toenail golem comes into view.
There is an open door here.
You slash the toenail golem!
The toenail golem is moderately damaged.
You block the toenail golem's attack.
You slash the toenail golem!
The toenail golem is heavily damaged.
You slash the toenail golem!
The toenail golem is severely damaged.
The toenail golem hits you but does no damage.
You slash the toenail golem!
The toenail golem is almost destroyed.
The toenail golem hits you but does no damage.
You hit the toenail golem but do no damage.
The toenail golem is severely damaged.
You hit the toenail golem.
The toenail golem is almost destroyed.
You block the toenail golem's attack.
You slash the toenail golem!
You destroy the toenail golem!
There is a stone staircase leading up here.
You start resting.
Your magical contamination has completely faded away.
Magic restored.
HP restored.
You climb upwards.
There is a stone staircase leading down here.
You see here a +0 dagger.
There is a staircase leading out of the dungeon here.
Okay, then.
Use which ability? (? or * to list)
You can no longer stack cards.
You have escaped!

..##.....8.⌠.8.##..###......#
.>..#..........##..#........#
..)...##.....###......#######
......###..............P#
.......##~P...........P~#
.......##≈~P.........P~≈#
.......##~~~P.......P~~≈#
.......##≈≈≈~P.....P~~≈≈#####
........#≈≈≈~~P.@.P~≈≈≈≈#...#
........#≈≈≈~P.....P~~≈≈#...#
......#.#≈~~P.......P≈≈≈#...#
....#.#.#≈~P.........P~≈#...#
###...###≈P...........P~#...#
..##...##P.............P#...#
#.##.#.###........####...####
#....#.###........###..###
####..............##..##


There were no monsters in sight!

Vanquished Creatures
  4 dread liches (Zot:5)
  7 ancient liches
  Mara (Vaults:5)
  2 orbs of fire (Zot:5)
  Boris (Depths:4)
  4 Killer Klowns
  Parghit (Depths:4)
  Margery (Vaults:5)
  Saint Roka (Crypt:3)
  2 curse toes
  Norris (Vaults:2)
  5 golden dragons
  2 bone dragons
  the Enchantress (Depths:2)
  2 electric golems (Zot:5)
  Zenata (Elf:2)
  18 tentacled monstrosities
  A shard shrike skeleton (Crypt:3)
  A deep elf blademaster (Elf:2)
  24 Orb Guardians
  5 liches
  6 sphinxes
  10 quicksilver dragons
  4 titans
  An acid blob (Depths:1)
  4 ancient champions
  Polyphemus (Shoals:4)
  A kraken (Shoals:1)
  17 shadow dragons
  12 death cobs
  10 storm dragons
  Aizul (Snake:2)
  Donald (Shoals:2)
  6 tengu reavers
  A revenant (Vaults:2)
  4 rockslimes
  Roxanne (Elf:3)
  2 draconian knights (Zot:1)
  4 nagarajas (Snake:4)
  4 azure jellies
  An emperor scorpion (Elf:3)
  5 draconian monks
  14 frost giants
  11 fire giants
  6 draconian scorchers
  14 vault wardens
  2 balrugs
  5 deep elf elementalists (Elf:3)
  An iron dragon (Depths:3)
  11 deep elf sorcerers
  3 draconian stormcallers
  4 ghost moths
  4 draconian shifters
  6 ghouls
  8 war gargoyles
  3 curse skulls
  4 formless jellyfish
  13 ironbound preservers
  17 stone giants
  5 draconian annihilators
  6 spriggan defenders
  7 quicksilver oozes
  10 deep elf demonologists
  6 ironbound thunderhulks
  8 green draconians
  Azrael (Elf:2)
  4 black draconians
  10 vampire knights
  Nessos (Orc:2)
  12 very ugly things
  6 yellow draconians
  6 deep elf annihilators
  11 dire elephants
  9 purple draconians
  3 spark wasps
  3 minotaurs
  8 red draconians
  9 white draconians
  6 deep elf death magi
  2 crystal guardians (Crypt:3)
  A green death (Zot:4)
  3 eidola
  19 ettins
  A quicksilver dragon zombie (Zot:2)
  9 fire dragons
  7 merfolk javelineers
  11 merfolk impalers
  An acid blob zombie (Crypt:1)
  20 yaktaur captains
  7 deep elf high priests
  8 jiangshi
  3 spriggan zombies
  2 great orbs of eyes (shapeshifter)
  Erolcha (Orc:2)
  7 great orbs of eyes
  3 rakshasas
  14 ice dragons
  4 ogre magi
  A hell beast (Depths:2)
  A caustic shrike simulacrum (Crypt:1)
  A spriggan skeleton (Crypt:1)
  A hydra (Zot:2)
  7 vault guards
  2 catoblepae
  3 two-headed ogres
  An anaconda (shapeshifter) (Vaults:5)
  2 alligator snapping turtles
  3 merfolk aquamancers
  8 spriggan air magi
  2 salamander tyrants (Snake:4)
  4 boulder beetles
  3 death knights
  4 centaur warriors
  9 anacondas
  2 merfolk avatars (Shoals:4)
  5 ironbound frosthearts
  6 satyrs
  29 dancing weapons
  9 death yaks
  5 deep troll earth magi
  8 tengu warriors
  7 deep troll shamans
  4 hell hogs (D:10)
  10 spriggan berserkers
  4 vampire magi
  14 naga warriors
  17 hell knights
  A fire crab (Vaults:5)
  9 shock serpents
  A salamander mystic (Snake:4)
  11 naga sharpshooters
  Nergalle (Orc:2)
  9 skysharks
  2 sun demons (Zot:3)
  13 deep elf knights
  2 wretched stars (Abyss:3)
  9 iron trolls
  2 shadow wraiths
  4 soul eaters (Zot:2)
  11 sea snakes
  2 skysharks (shapeshifter)
  29 skeletal warriors
  36 deep trolls
  A sixfirhy (Abyss:3)
  A storm dragon skeleton (Zot:2)
  An anaconda zombie (Crypt:2)
  A spectral anaconda (Lair:5)
  A fire crab (shapeshifter) (Elf:3)
  6 death drakes
  A shadow demon (Abyss:3)
  A goliath frog (shapeshifter) (Vaults:5)
  A bog body (Crypt:1)
  3 glowing orange brains
  A swamp dragon (Vaults:5)
  3 flayed ghosts
  4 naga ritualists
  An obsidian statue (Lair:5)
  11 phantasmal warriors
  5 wizards
  A spriggan simulacrum (Crypt:2)
  An orb spider (Vaults:5)
  An anaconda skeleton (Crypt:3)
  13 lindwurms
  12 deep elf archers
  2 orange crystal statues
  17 deep elf pyromancers
  16 necromancers
  An orc knight (D:11)
  Pikel (D:9)
  23 deep elf zephyrmancers
  19 harpies
  10 ironbound convokers
  7 orc sorcerers
  A harpy (shapeshifter) (Elf:3)
  6 mana vipers
  19 fauns
  7 cyclopes
  23 manticores
  3 shining eyes
  39 ugly things
  22 moths of wrath
  A wolf spider (Vaults:5)
  An iron dragon zombie (Crypt:3)
  A stone giant zombie (Crypt:1)
  6 elephants
  13 salamanders
  Joseph (D:8)
  An orange demon (Depths:2)
  11 merfolk sirens
  A centaur zombie (Crypt:3)
  A toenail golem (D:2)
  A rust devil (Depths:2)
  4 water nymphs
  38 black mambas
  5 guardian serpents
  17 vault sentinels
  An eye of devastation (Shoals:2)
  15 naga magi
  6 gargoyles
  4 dire elephant skeletons
  Jeremiah (D:8)
  8 cane toads
  A naga skeleton (Crypt:2)
  3 torpor snails
  3 kobold demonologists (D:13)
  3 smoke demons
  A freezing wraith (Vaults:5)
  Psyche (D:9)
  22 rime drakes
  3 komodo dragons
  A catoblepas skeleton (Crypt:2)
  An ice devil (Depths:2)
  22 yaktaurs
  A rime drake (shapeshifter) (Snake:4)
  An unseen horror (shapeshifter) (Elf:3)
  3 unseen horrors
  A tormentor (Depths:2)
  8 tengu conjurers
  A death yak skeleton (Crypt:1)
  26 merfolk
  A queen bee (shapeshifter) (Elf:3)
  3 red devils (Depths:2)
  An unseen horror skeleton (Crypt:1)
  2 queen bees
  11 polar bears
  A meliai (shapeshifter) (D:13)
  6 wind drakes
  3 meliai (Abyss:3)
  4 trolls
  A tyrant leech (D:12)
  2 hellwings (Depths:2)
  8 hornets
  12 blink frogs
  3 tarantellas
  2 fire dragon zombies (Crypt:3)
  Prince Ribbit (D:7)
  9 dream sheep
  A snapping turtle (shapeshifter) (Elf:3)
  10 snapping turtles
  3 jumping spiders
  An ettin skeleton (Crypt:3)
  A culicivora (Vaults:5)
  53 flying skulls
  An air elemental (Elf:2)
  A culicivora (shapeshifter) (D:14)
  29 slime creatures
  A black mamba zombie (Crypt:1)
  6 vampires
  9 spriggans
  4 wyverns
  2 fire bats (Depths:1)
  7 wraiths
  18 water elementals
  9 fire elementals
  11 humans (D:13)
  A fire bat (shapeshifter) (Vaults:4)
  33 yaks
  A dire elephant simulacrum (Crypt:2)
  4 vampire mosquitoes
  3 steam dragons
  7 basilisks
  2 neqoxecs
  A death yak simulacrum (Lair:5)
  12 redbacks
  Menkaure (D:4)
  2 spectral cane toads (Lair:5)
  5 wargs
  47 nagas
  An acid dragon (D:12)
  14 water moccasins
  A deep troll skeleton (Crypt:1)
  7 floating eyes
  Duvessa (D:6)
  2 hell hounds (Elf:2)
  2 ice beasts
  20 orc warriors
  An ice beast (shapeshifter) (D:12)
  A black bear (D:5)
  An elephant zombie (Lair:5)
  A black bear (shapeshifter) (Vaults:5)
  3 sky beasts
  A tengu (shapeshifter) (Shoals:2)
  8 ogres
  4 boggarts
  10 wolves
  13 centaurs
  4 lemures (D:9)
  A snapping turtle skeleton (Crypt:1)
  2 phantoms
  A kobold brigand (D:8)
  A salamander zombie (Crypt:2)
  Blork the orc (D:4)
  9 necrophages
  A cane toad simulacrum (Lair:5)
  An elf skeleton (Crypt:1)
  12 bullfrogs
  A gnoll sergeant (Orc:1)
  An earth elemental (Elf:1)
  A wyvern zombie (Crypt:1)
  5 scorpions
  2 small abominations (Abyss:3)
  A komodo dragon skeleton (Crypt:1)
  10 wights
  A water moccasin skeleton (Crypt:2)
  Dowan (D:6)
  A troll zombie (Crypt:1)
  An elephant simulacrum (Lair:5)
  16 killer bees
  A raiju skeleton (Crypt:1)
  3 howler monkeys
  A wolf zombie (Crypt:2)
  2 vampire bats (D:10)
  3 lava snakes (Lair:3)
  2 jellies (D:6)
  13 orc priests
  2 hounds
  An iguana (D:6)
  6 sleepcaps
  27 orc wizards
  7 hell rats (Lair:2)
  14 gnolls
  8 adders
  A river rat (D:6)
  2 shadow imps (D:6)
  A white imp (D:7)
  An adder zombie (Crypt:2)
  An iguana zombie (Crypt:2)
  A worm (D:2)
  4 dart slugs
  78 orcs
  5 bat zombies (D:10)
  9 endoplasms
  6 giant cockroaches
  4 goblins
  8 hobgoblins
  8 jackals
  2 quokkas
  8 ball pythons
  4 bats (D:1)
  6 frilled lizards
  A frilled lizard zombie (Crypt:1)
  A goblin skeleton (Crypt:1)
  15 kobolds
  6 rats
  A rat skeleton (Crypt:2)
  A rat zombie (Crypt:2)
  A tentacle (Shoals:1)
2186 creatures vanquished.

Vanquished Creatures (collateral kills)
  A dread lich (Vaults:5)
  Mennas (Vaults:5)
  A golden dragon (Vaults:5)
  A bone dragon (Zot:2)
  3 Orb Guardians (Zot:5)
  A death cob (Zot:4)
  A storm dragon (Vaults:5)
  A shadow dragon (Zot:4)
  A tengu reaver (Vaults:5)
  Agnes (Snake:4)
  A nagaraja (Snake:4)
  2 frost giants
  A vault warden (Vaults:2)
  2 ironbound preservers (Vaults:1)
  4 dire elephants (Vaults:3)
  A black draconian (Zot:2)
  A crystal guardian (Crypt:3)
  A deep elf death mage (Vaults:5)
  A merfolk impaler (Shoals:2)
  A fire dragon (Depths:3)
  A hydra (D:12)
  2 vault guards
  A peacekeeper (Vaults:4)
  Erica (D:9)
  3 dancing weapons
  A two-headed ogre (D:9)
  3 naga warriors
  A deep troll earth mage (Depths:3)
  2 naga sharpshooters (Snake:4)
  A deep elf knight (Elf:2)
  A salamander mystic (Snake:1)
  6 deep trolls
  6 skeletal warriors
  3 ironbound convokers
  A lindwurm (Vaults:1)
  A deep elf zephyrmancer (Elf:2)
  A mana viper (Shoals:3)
  A deep elf pyromancer (Elf:2)
  2 manticores
  10 ugly things
  3 salamanders
  A black mamba (Snake:1)
  2 vault sentinels (Vaults:2)
  A guardian serpent (Snake:3)
  A water nymph (Shoals:3)
  A naga mage (Snake:3)
  A cane toad (Lair:4)
  2 rime drakes
  A komodo dragon (Lair:5)
  3 yaktaurs
  A meliai (shapeshifter) (Elf:3)
  Grinder (D:4)
  2 merfolk (Shoals:2)
  2 trolls
  A polar bear (shapeshifter) (Elf:3)
  A hornet (Depths:3)
  A polar bear (Lair:5)
  A tarantella (shapeshifter) (Elf:3)
  4 dream sheep (Lair:3)
  2 blink frogs (Lair:5)
  2 snapping turtles (Vaults:4)
  6 slime creatures
  2 spriggans
  31 yaks
  A hog (Vaults:4)
  A basilisk (Lair:3)
  A yak (shapeshifter) (Elf:3)
  A vampire mosquito (D:11)
  6 nagas
  2 water moccasins (Lair:5)
  An orc warrior (D:9)
  A bullfrog (Lair:3)
  A scorpion (D:4)
  3 killer bees (D:11)
  2 howler monkeys (D:9)
  A gnoll (D:6)
  An adder (D:6)
  7 orcs
  A ball python (D:4)
  2 tentacles (Shoals:1)
180 creatures vanquished.

Vanquished Creatures (others)
  A fire giant (Vaults:5)
  A ghost moth (Zot:5)
  A draconian stormcaller (Zot:2)
  A demonspawn blood saint (D:2)
  A deep elf annihilator (Elf:3)
  A peacekeeper (Vaults:4)
  A salamander tyrant (Snake:4)
  An ugly thing (Depths:1)
  A troll (D:11)
  An ogre (Vaults:5)
  A centaur (D:9)
  3 wights (D:8)
  An orc (Crypt:3)
  A kobold (D:8)
  13 tentacles (Shoals:1)
29 creatures vanquished.

Grand Total: 2395 creatures vanquished

Notes
Turn   | Place    | Note
-------+----------+-------------------------------------------
     0 | D:1      | Ge0ff the Barachi Enchanter began the quest for the Orb.
     0 | D:1      | Reached XP level 1. HP: 13/13 MP: 3/3
   119 | D:1      | Found a faded altar of an unknown god.
   321 | D:1      | Prayed at the altar of an unknown god.
   321 | D:1      | Became a worshipper of Nemelex Xobeh the Trickster
   321 | D:1      | Reached * piety under Nemelex Xobeh
   339 | D:1      | Reached XP level 2. HP: 20/20 MP: 5/5
   421 | D:1      | Reached skill level 1 in Ice Magic
   426 | D:1      | Learned a level 2 spell: Ensorcelled Hibernation
   669 | D:2      | Received a gift from Nemelex Xobeh
   943 | D:2      | Reached XP level 3. HP: 25/25 MP: 3/6
  1124 | D:2      | Reached skill level 1 in Fighting
  1379 | D:2      | Identified the +3 pair of gloves of Resourcefulness {-Tele
                  | Fly rC++ Dex+3}
  1413 | D:2      | Reached XP level 4. HP: 32/32 MP: 2/7
  1495 | D:2      | Learned a level 3 spell: Confusing Touch
  1499 | D:2      | Learned a level 3 spell: Tukima's Dance
  1567 | D:2      | Reached ** piety under Nemelex Xobeh
  1609 | D:2      | Identified the +1 whip "Juixtuv" {freeze, rPois}
  2324 | D:3      | Noticed a centaur
  2337 | D:3      | Killed a centaur
  2338 | D:3      | Reached XP level 5. HP: 36/38 MP: 4/9
  2432 | D:3      | Reached skill level 1 in Throwing
  3051 | D:3      | Reached XP level 6. HP: 44/44 MP: 10/10
  3077 | D:3      | Noticed a water moccasin
  3080 | D:3      | Received a gift from Nemelex Xobeh
  3090 | D:3      | Killed a water moccasin
  3091 | D:3      | Reached *** piety under Nemelex Xobeh
  3659 | D:4      | Noticed Blork the orc
  3659 | D:4      | Noticed Grinder
  3663 | D:4      | Killed Blork the orc
  3668 | D:4      | Reached skill level 1 in Invocations
  3672 | D:4      | Reached XP level 7. HP: 29/51 MP: 12/12
  3673 | D:4      | Killed Grinder
  4002 | D:4      | Noticed Menkaure
  4012 | D:4      | Killed Menkaure
  4013 | D:4      | Reached skill level 2 in Invocations
  4013 | D:4      | Reached XP level 8. HP: 45/58 MP: 9/13
  4388 | D:5      | Entered Level 5 of the Dungeon
  4456 | D:5      | Found a runed translucent door.
  4490 | D:5      | Reached skill level 5 in Hexes
  4772 | D:5      | Reached skill level 5 in Short Blades
  4835 | D:5      | Reached skill level 5 in Ice Magic
  4842 | D:5      | Reached skill level 3 in Invocations
  4880 | D:5      | Reached skill level 5 in Stealth
  5098 | D:5      | Identified the +0 chain mail "Rufexav" {rN+ Will+ Int+5}
  5209 | D:5      | Found a staircase to the Ecumenical Temple.
  5218 | D:5      | Reached XP level 9. HP: 63/63 MP: 12/15
  5597 | D:6      | Received a gift from Nemelex Xobeh
  5766 | D:6      | Gained mutation: You are frail. (-10% HP) [potion of
                  | mutation]
  5766 | D:6      | Gained mutation: You occasionally lose the ability to read
                  | scrolls when taking damage. [potion of mutation]
  5766 | D:6      | Gained mutation: You are agile. (Dex +4, Str/Int -1)
                  | [potion of mutation]
  5767 | D:6      | HP: 2/57 [water moccasin (7)]
  6098 | D:6      | Reached **** piety under Nemelex Xobeh
  6100 | D:6      | Received a gift from Nemelex Xobeh
  6161 | D:6      | Reached skill level 1 in Evocations
  6506 | D:6      | Reached skill level 4 in Invocations
  6538 | D:6      | Reached skill level 5 in Spellcasting
  6646 | D:6      | Found a transporter.
  6646 | D:6      | Found Gano's Armour Emporium.
  6651 | D:6      | Found a transporter.
  6679 | D:6      | Bought a +1 pair of gloves of dexterity for 214 gold pieces
  6869 | D:6      | Noticed Duvessa
  6874 | D:6      | Noticed Dowan
  6875 | D:6      | Killed Duvessa
  6876 | D:6      | Reached XP level 10. HP: 65/65 MP: 17/17
  6878 | D:6      | Killed Dowan
  7091 | D:7      | Learned a level 3 spell: Summon Guardian Golem
  7092 | D:7      | Found a blossoming altar of Fedhas.
  7131 | D:7      | Reached skill level 5 in Fighting
  7144 | D:7      | Reached skill level 1 in Summonings
  7209 | D:7      | Found a hazy altar of Hepliaklqana.
  7495 | D:7      | Found a basalt altar of Yredelemnul.
  7806 | D:7      | Noticed Prince Ribbit
  7811 | D:7      | Killed Prince Ribbit
  8298 | D:8      | Noticed Jeremiah
  8301 | D:8      | Noticed Joseph
  8304 | D:8      | Killed Jeremiah
  8306 | D:8      | Killed Joseph
  8513 | D:8      | Identified the +9 scimitar "Pidagim" {speed, rElec Will+
                  | Stlth-}
  8586 | D:8      | Received a gift from Nemelex Xobeh
  8630 | D:8      | Noticed an unseen horror
  8658 | D:8      | Killed an unseen horror
  8659 | D:8      | Reached skill level 5 in Invocations
  9270 | D:8      | Received a gift from Nemelex Xobeh
 10152 | D:9      | Noticed Erica
 10160 | D:9      | Found a white marble altar of Elyvilon.
 10160 | D:9      | Noticed a two-headed ogre
 10173 | D:9      | Noticed Psyche
 10179 | D:9      | Killed Psyche
 10240 | D:9      | Reached XP level 11. HP: 59/71 MP: 18/18
 10254 | D:9      | Reached skill level 5 in Summonings
 10805 | D:9      | Noticed Pikel
 10807 | D:9      | Killed Pikel
 10845 | D:9      | Killed a two-headed ogre
 10846 | D:9      | Reached skill level 10 in Short Blades
 10849 | D:9      | Received a gift from Nemelex Xobeh
 10856 | D:9      | Reached skill level 1 in Long Blades
 10885 | D:9      | Killed Erica
 10898 | D:9      | Reached ***** piety under Nemelex Xobeh
 11019 | D:9      | Found a white marble altar of Elyvilon.
 11210 | D:10     | Entered Level 10 of the Dungeon
 11400 | D:10     | Found an iron altar of Okawaru.
 11532 | D:10     | Found a staircase to the Lair.
 11721 | D:10     | Reached skill level 5 in Long Blades
 11855 | D:10     | Received a gift from Nemelex Xobeh
 12060 | D:10     | Found a shimmering blue altar of Sif Muna.
 12320 | D:10     | Found an ancient bone altar of Kikubaaqudgha.
 12384 | D:11     | Found a bloodstained altar of Trog.
 12399 | D:11     | Reached skill level 1 in Armour
 12641 | D:11     | Identified the +1 long sword of Context {flame, rElec rC+++
                  | Str-5 Stlth-}
 12646 | D:11     | Reached XP level 12. HP: 70/81 MP: 19/19
 12862 | D:11     | Received a gift from Nemelex Xobeh
 13125 | D:11     | Found a staircase to the Orcish Mines.
 13128 | D:11     | Received a gift from Nemelex Xobeh
 13415 | D:12     | Lost mutation: You are frail. (-10% HP) [potion of
                  | mutation]
 13415 | D:12     | Lost mutation: You occasionally lose the ability to read
                  | scrolls when taking damage. [potion of mutation]
 13415 | D:12     | Gained mutation: You are very agile. (Dex +8, Str/Int -2)
                  | [potion of mutation]
 13415 | D:12     | Gained mutation: You occasionally lose the ability to drink
                  | potions when taking damage. [potion of mutation]
 13833 | D:12     | Found a runed translucent door.
 13834 | D:12     | Noticed a deep troll earth mage
 13892 | D:12     | Reached skill level 6 in Invocations
 13909 | D:12     | Received a gift from Nemelex Xobeh
 13912 | D:12     | Killed a deep troll earth mage
 13955 | D:12     | Noticed a seven-headed hydra
 13957 | D:12     | Killed a seven-headed hydra
 13970 | D:12     | Noticed a yaktaur captain
 13970 | D:12     | Noticed a deep troll earth mage
 13974 | D:12     | a yaktaur captain changed into a tyrant leech
 13974 | D:12     | a deep troll earth mage changed into an anaconda
 13974 | D:12     | Noticed an anaconda
 13976 | D:12     | Killed an anaconda
 14074 | D:12     | Reached skill level 7 in Invocations
 14225 | D:12     | Reached skill level 10 in Fighting
 14235 | D:12     | Identified the +0 ring mail "Muno" {Str+2 Int+2}
 14565 | D:12     | Reached skill level 10 in Long Blades
 14565 | D:12     | Gained mutation: You can hop long distances. [Barachi
                  | growth]
 14565 | D:12     | Reached XP level 13. HP: 103/103 MP: 17/20
 14986 | Lair:1   | Entered Level 1 of the Lair of Beasts
 15004 | Lair:1   | Received a gift from Nemelex Xobeh
 15220 | Lair:1   | Reached ****** piety under Nemelex Xobeh
 15287 | Lair:1   | Reached skill level 5 in Armour
 15908 | Lair:2   | Received a gift from Nemelex Xobeh
 16139 | Lair:2   | Received a gift from Nemelex Xobeh
 16499 | Lair:2   | Found a staircase to the Shoals.
 16836 | Lair:3   | Received a gift from Nemelex Xobeh
 17085 | Lair:3   | Found a staircase to the Snake Pit.
 17384 | Lair:3   | Reached XP level 14. HP: 108/116 MP: 21/21
 17972 | Lair:4   | Learned a level 5 spell: Irradiate
 17976 | Lair:4   | Received a gift from Nemelex Xobeh
 17997 | Lair:4   | Found a viscous altar of Jiyva.
 17997 | Lair:4   | Found a staircase to the Slime Pits.
 18002 | Lair:4   | Identified the +8 hand axe of Shame {vamp, Str+4 Int+2}
 18242 | Lair:4   | Received a gift from Nemelex Xobeh
 18294 | Lair:4   | Reached skill level 1 in Conjurations
 18294 | Lair:4   | Reached skill level 1 in Transmutations
 18884 | Lair:5   | Entered Level 5 of the Lair of Beasts
 18991 | Lair:5   | Received a gift from Nemelex Xobeh
 19327 | Lair:5   | Received a gift from Nemelex Xobeh
 19610 | Lair:5   | Noticed a dire elephant
 19610 | Lair:5   | Noticed a dire elephant
 19623 | Lair:5   | Noticed a dire elephant
 19636 | Lair:5   | Killed a dire elephant
 19677 | Lair:5   | Banished a dire elephant
 19677 | Lair:5   | Banished a dire elephant
 19678 | Lair:5   | Reached skill level 5 in Conjurations
 19678 | Lair:5   | Reached skill level 5 in Transmutations
 20430 | Orc:1    | Entered Level 1 of the Orcish Mines
 20430 | Orc:1    | Received a gift from Nemelex Xobeh
 20748 | Orc:2    | Entered Level 2 of the Orcish Mines
 20938 | Orc:1    | Received a gift from Nemelex Xobeh
 21108 | Orc:1    | Found Borid's General Store.
 21355 | Orc:2    | Noticed Nessos
 21364 | Orc:2    | Killed Nessos
 21386 | Orc:2    | Received a gift from Nemelex Xobeh
 21416 | Orc:2    | Found Mugesize's Book Shoppe.
 21419 | Orc:2    | Reached skill level 1 in Shields
 21486 | Orc:2    | Found an ancient bone altar of Kikubaaqudgha.
 21486 | Orc:2    | Noticed Nergalle
 21489 | Orc:2    | Found Zogoud's Book Emporium.
 21495 | Orc:2    | Reached XP level 15. HP: 100/124 MP: 18/25
 21504 | Orc:2    | Killed Nergalle
 21590 | Orc:2    | Noticed Erolcha
 21599 | Orc:2    | Killed Erolcha
 21605 | Orc:2    | Found a radiant altar of Vehumet.
 21737 | Orc:2    | Found Lety's Distillery.
 21798 | Orc:2    | Found Kudefa's Antique Weapon Shoppe.
 21805 | Orc:2    | Bought a potion of ambrosia for 96 gold pieces
 21886 | Orc:2    | Found Cocas's Antique Armour Shop.
 21943 | Orc:2    | Received a gift from Nemelex Xobeh
 21952 | Orc:2    | Bought a glowing cloak for 195 gold pieces
 21952 | Orc:2    | Bought a runed buckler for 195 gold pieces
 22155 | Orc:2    | Found a staircase to the Elven Halls.
 22698 | D:13     | Found a broken altar of Ashenzari.
 22943 | D:13     | Gained mutation: You are robust. (+10% HP) [mutagenic glow]
 23030 | D:13     | Received a gift from Nemelex Xobeh
 23043 | D:13     | You are sucked into a shaft and drop 2 floors!
 23043 | D:15     | Entered Level 15 of the Dungeon
 23240 | D:15     | Found a staircase to the Depths.
 23244 | D:15     | Received a gift from Nemelex Xobeh
 23247 | D:15     | Paralysed by a floating eye for 4 turns
 23571 | D:15     | Received a gift from Nemelex Xobeh
 23868 | D:14     | Received a gift from Nemelex Xobeh
 23878 | D:14     | Reached skill level 5 in Throwing
 24009 | D:14     | Found a gate leading to a gauntlet.
 24020 | Gauntlet | Entered a Gauntlet
 24020 | Gauntlet | Found a transporter.
 24020 | Gauntlet | Received a gift from Nemelex Xobeh
 24020 | Gauntlet | Found a transporter.
 24020 | Gauntlet | Found a transporter.
 24020 | Gauntlet | Found a transporter.
 24073 | Gauntlet | Found a transporter.
 24078 | Gauntlet | Found a transporter.
 24079 | Gauntlet | Found the +2 hat of the Bear Spirit {Spirit, Bear, *Rage
                  | Will++}
 24080 | Gauntlet | Found a transporter.
 24083 | Gauntlet | Found a transporter.
 24096 | Gauntlet | Found a transporter.
 24111 | Gauntlet | Found a transporter.
 24131 | Gauntlet | Found a transporter.
 24132 | Gauntlet | Found a transporter.
 24399 | Gauntlet | Identified the ring "Maul" {rC+ rCorr SInv}
 24496 | Gauntlet | Identified the +1 morningstar of Courage {antimagic, rPois
                  | rC+ Str+3 Stlth-}
 24558 | Gauntlet | Reached skill level 5 in Shields
 24558 | Gauntlet | Reached skill level 10 in Conjurations
 24558 | Gauntlet | Reached skill level 10 in Transmutations
 24558 | Gauntlet | Reached XP level 16. HP: 144/144 MP: 26/26
 24646 | D:14     | Reached XP level 17. HP: 150/150 MP: 27/27
 25187 | D:14     | Identified the +0 war axe "Zaeqowk" {flame, Int+5}
 25487 | D:13     | Found a gate to the Vaults.
 25745 | D:14     | Received a gift from Nemelex Xobeh
 26030 | D:15     | Reached skill level 8 in Invocations
 26310 | D:15     | Learned a level 4 spell: Iskenderun's Mystic Blast
 26506 | Snake:1  | Entered Level 1 of the Snake Pit
 26658 | Snake:1  | Received a gift from Nemelex Xobeh
 26672 | Snake:1  | Found Ypucyrre's Book Shoppe.
 26682 | Snake:1  | Identified the +1 kite shield "Qiuhas" {Str+2 Int+3}
 26682 | Snake:1  | Noticed Asterion
 26684 | Snake:1  | Asterion changed into Asterion the dire elephant
 26684 | Snake:1  | Noticed Asterion
 26697 | Snake:1  | Killed Asterion the dire elephant
 27137 | Snake:1  | Received a gift from Nemelex Xobeh
 27469 | Snake:1  | Reached skill level 1 in Translocations
 27914 | Snake:1  | Gained mutation: Your flesh is cold resistant. (rC+)
                  | [mutagenic glow]
 28142 | Snake:2  | Noticed Aizul
 28149 | Snake:2  | Killed Aizul
 28584 | Snake:2  | Received a gift from Nemelex Xobeh
 28726 | Snake:2  | Reached skill level 15 in Fighting
 29303 | Snake:3  | Reached skill level 5 in Translocations
 29433 | Snake:3  | Reached XP level 18. HP: 101/163 MP: 11/28
 29927 | Snake:3  | Received a gift from Nemelex Xobeh
 30646 | Snake:4  | Entered Level 4 of the Snake Pit
 30646 | Snake:4  | Received a gift from Nemelex Xobeh
 30708 | Snake:4  | Found Gegexoem's Neck Hole.
 30732 | Snake:4  | Reached skill level 10 in Shields
 31152 | Snake:4  | Noticed Agnes
 31161 | Snake:4  | Killed Agnes
 31383 | Snake:4  | Received a gift from Nemelex Xobeh
 31704 | Snake:4  | Noticed a quicksilver dragon
 31756 | Snake:4  | Killed a quicksilver dragon
 31983 | Snake:4  | Got a serpentine rune of Zot
 32340 | Snake:4  | Learned a level 2 spell: Passwall
 32346 | Snake:4  | Learned a level 5 spell: Freezing Cloud
 32538 | Shoals:1 | Entered Level 1 of the Shoals
 32675 | Shoals:1 | Reached skill level 1 in Air Magic
 32677 | Shoals:1 | Reached skill level 1 in Earth Magic
 32860 | Shoals:1 | Reached XP level 19. HP: 168/172 MP: 20/29
 32960 | Shoals:1 | Received a gift from Nemelex Xobeh
 33369 | Shoals:1 | Received a gift from Nemelex Xobeh
 33948 | Shoals:2 | You are sucked into a shaft and drop 1 floor!
 33948 | Shoals:3 | Received a gift from Nemelex Xobeh
 33971 | Shoals:2 | Noticed Donald
 34002 | Shoals:2 | Killed Donald
 34025 | Shoals:2 | Identified the +2 buckler of Rozxirphu {rElec}
 34133 | Shoals:2 | Gained mutation: You are dopey. (Int -2) [mutagenic glow]
 34215 | Shoals:2 | Learned a level 1 spell: Apportation
 34773 | Shoals:2 | Reached skill level 10 in Translocations
 35460 | Shoals:3 | Reached skill level 5 in Air Magic
 35460 | Shoals:3 | Reached skill level 9 in Invocations
 35611 | Shoals:3 | Found Daeph's Vocational Training.
 35968 | Shoals:3 | Reached skill level 5 in Earth Magic
 36267 | Shoals:3 | Bought a manual of Invocations for 880 gold pieces
 36267 | Shoals:3 | Bought a manual of Evocations for 880 gold pieces
 36413 | Shoals:3 | Received a gift from Nemelex Xobeh
 36841 | Shoals:4 | Entered Level 4 of the Shoals
 37119 | Shoals:4 | Identified the +0 chain mail "Pimoydgh" {Rampage +Inv Int+3
                  | Dex+2}
 37510 | Shoals:4 | Noticed Polyphemus
 37531 | Shoals:4 | Killed Polyphemus
 37642 | Shoals:4 | Received a gift from Nemelex Xobeh
 37824 | Shoals:4 | Reached skill level 10 in Invocations
 37916 | Shoals:4 | Identified the ring "Ezukeh" {rN+ Str+3 SInv}
 38238 | Shoals:4 | Reached XP level 20. HP: 99/180 MP: 20/30
 38330 | Shoals:4 | Received a gift from Nemelex Xobeh
 38335 | Shoals:4 | Found Cuitiu's Jewellery Boutique.
 38390 | Shoals:4 | Got a barnacled rune of Zot
 38829 | Elf:1    | Entered Level 1 of the Elven Halls
 39071 | Elf:1    | Received a gift from Nemelex Xobeh
 39680 | Abyss:3  | Received a gift from Nemelex Xobeh
 39680 | Abyss:3  | Cast into level 3 of the Abyss (a deep elf sorcerer)
 39747 | Abyss:3  | Gained mutation: You occasionally lose the ability to read
                  | scrolls when taking damage. [a cacodemon]
 39793 | Abyss:3  | Got an abyssal rune of Zot
 39834 | Elf:2    | Escaped the Abyss
 39835 | Elf:2    | Found a frozen archway.
 39859 | IceCv    | Entered an ice cave
 39859 | IceCv    | Received a gift from Nemelex Xobeh
 40025 | IceCv    | Reached skill level 11 in Invocations
 40769 | Elf:2    | Noticed Zenata
 40786 | Elf:2    | Killed Zenata
 40900 | Elf:2    | Received a gift from Nemelex Xobeh
 41083 | Elf:2    | Noticed Azrael
 41089 | Elf:2    | Killed Azrael
 41292 | Elf:2    | Received a gift from Nemelex Xobeh
 41411 | Elf:2    | Reached skill level 12 in Invocations
 41495 | Elf:2    | Found a runed translucent gate.
 41495 | Elf:2    | Found a runed translucent gate.
 41495 | Elf:2    | Found a runed translucent gate.
 41586 | Elf:2    | Reached skill level 10 in Air Magic
 41796 | Elf:2    | Reached skill level 10 in Earth Magic
 41971 | Elf:2    | Reached XP level 21. HP: 188/188 MP: 25/31
 42244 | Elf:3    | Entered Level 3 of the Elven Halls
 42291 | Elf:3    | Received a gift from Nemelex Xobeh
 42406 | Elf:3    | Reached skill level 13 in Invocations
 42431 | Elf:3    | Learned a level 2 spell: Blink
 42468 | Elf:3    | Noticed Roxanne
 42522 | Elf:2    | Learned a level 5 spell: Lee's Rapid Deconstruction
 42719 | Elf:3    | Reached skill level 5 in Evocations
 43040 | Elf:3    | Got Sif Muna's Folio of Shapeshifting and Topography
 43401 | Elf:3    | Killed Roxanne
 43716 | Elf:3    | Identified the +5 demon whip "Ultimatum" {vamp, Contam
                  | rPois rCorr Int-3}
 43992 | Elf:3    | Identified the +0 halberd "Yzier" {freeze, rF+ Str+6}
 44014 | Elf:3    | Lost mutation: You are very agile. (Dex +8, Str/Int -2) [a
                  | shining eye]
 44577 | Elf:3    | Identified the +2 fire dragon scales of Iggaw {rF++ rC-
                  | Str+2}
 44631 | Elf:3    | Got the Vellum of Niveous Rot
 44983 | Vaults:1 | Entered Level 1 of the Vaults
 45011 | Vaults:1 | Reached skill level 5 in Dodging
 45103 | Vaults:1 | Reached skill level 15 in Shields
 45345 | Vaults:1 | Received a gift from Nemelex Xobeh
 45648 | Vaults:1 | Received a gift from Nemelex Xobeh
 45887 | Vaults:1 | Reached skill level 14 in Invocations
 46290 | Vaults:1 | Received a gift from Nemelex Xobeh
 46471 | Vaults:1 | Received a gift from Nemelex Xobeh
 46875 | Vaults:2 | Reached XP level 22. HP: 180/195 MP: 28/34
 47237 | Vaults:2 | Received a gift from Nemelex Xobeh
 47813 | Vaults:2 | Noticed Norris
 47821 | Vaults:2 | Killed Norris
 47964 | Vaults:2 | Found a staircase to the Crypt.
 48200 | Vaults:2 | Received a gift from Nemelex Xobeh
 48340 | Vaults:2 | Found Nacvug's Antique Armour Shoppe.
 48514 | Vaults:2 | Received a gift from Nemelex Xobeh
 49437 | Vaults:3 | Received a gift from Nemelex Xobeh
 49770 | Vaults:3 | Reached skill level 10 in Ice Magic
 49892 | Vaults:3 | Reached skill level 10 in Spellcasting
 49894 | Vaults:3 | Gained mutation: Armour fits poorly on your strangely
                  | shaped body. [mutagenic glow]
 50082 | Vaults:3 | Received a gift from Nemelex Xobeh
 50283 | Vaults:3 | Lost mutation: You are robust. (+10% HP) [potion of
                  | mutation]
 50283 | Vaults:3 | Lost mutation: Armour fits poorly on your strangely shaped
                  | body. [potion of mutation]
 50283 | Vaults:3 | Gained mutation: You are weak. (Str -2) [potion of
                  | mutation]
 50283 | Vaults:3 | Gained mutation: Your flesh is heat resistant. (rF+)
                  | [potion of mutation]
 50283 | Vaults:3 | Gained mutation: You are partially covered in iridescent
                  | scales. (AC +2) [potion of mutation]
 50394 | Vaults:4 | Reached skill level 10 in Armour
 50668 | Vaults:4 | Received a gift from Nemelex Xobeh
 50682 | Vaults:5 | Entered Level 5 of the Vaults
 50871 | Vaults:4 | Received a gift from Nemelex Xobeh
 50907 | Vaults:4 | Reached XP level 23. HP: 93/184 MP: 9/37
 51052 | Vaults:4 | Received a gift from Nemelex Xobeh
 51413 | Vaults:4 | Reached skill level 15 in Invocations
 51768 | Vaults:4 | Found Ziukaock's Assorted Antiques.
 52053 | Vaults:5 | Noticed Margery
 52129 | Vaults:5 | Received a gift from Nemelex Xobeh
 52406 | Vaults:5 | Identified the +5 rapier of the Maze {flame, Dex+3}
 52442 | Vaults:5 | Reached skill level 10 in Evocations
 52665 | Vaults:5 | Killed Margery
 52761 | Vaults:5 | Identified the +7 mace of Midwinter {heavy, Contam rCorr
                  | Str-3 Dex+5}
 52774 | Vaults:5 | Reached skill level 16 in Invocations
 52791 | Vaults:5 | Noticed a golden dragon
 52798 | Vaults:5 | Killed a golden dragon
 52862 | Vaults:5 | Identified the +8 battleaxe "Alougeol" {venom, Fly}
 53009 | Vaults:5 | Noticed Mennas
 53193 | Vaults:5 | Identified the +2 plate armour of Feetsono {+Inv rPois SInv
                  | Stlth+}
 53210 | Vaults:5 | Identified a scroll of acquirement
 53523 | Vaults:5 | Noticed a dread lich
 53539 | Vaults:5 | Killed a dread lich
 53623 | Vaults:5 | Acquired 1223 gold pieces
 53693 | Vaults:5 | Reached XP level 24. HP: 169/181 MP: 26/38
 54082 | Vaults:5 | Noticed Mara
 54087 | Vaults:5 | Noticed Ge0ff's illusion
 54090 | Vaults:5 | Killed Mara
 54468 | Vaults:5 | Received a gift from Nemelex Xobeh
 54498 | Vaults:5 | Acquired 1266 gold pieces
 54693 | Vaults:5 | Killed Mennas
 54742 | Vaults:5 | Got a silver rune of Zot
 55314 | Shoals:4 | Bought the ring "Keoduot" {AC+4 Int+3 Slay+3} for 928 gold
                  | pieces
 55559 | Orc:2    | Bought a potion of curing for 36 gold pieces
 55559 | Orc:2    | Bought 2 potions of magic for 192 gold pieces
 55559 | Orc:2    | Bought a potion of curing for 36 gold pieces
 55559 | Orc:2    | Bought a potion of attraction for 36 gold pieces
 55559 | Orc:2    | Bought 2 potions of attraction for 72 gold pieces
 55589 | Orc:2    | Bought the Incunabulum of the Geometric Xenotype for 286
                  | gold pieces
 55589 | Orc:2    | Bought a book of Misfortune for 468 gold pieces
 55595 | Orc:2    | Learned a level 5 spell: Yara's Violent Unravelling
 55874 | Snake:4  | Bought the amulet of Zijuiriu {Faith rElec rCorr} for 953
                  | gold pieces
 56141 | Depths:1 | Entered Level 1 of the Depths
 56884 | Depths:1 | Reached skill level 10 in Dodging
 57254 | Depths:1 | Gained mutation: You are occasionally teleported next to
                  | monsters. [a shining eye]
 57255 | Depths:1 | Gained mutation: Your spells are a little easier to cast,
                  | but a little less powerful. [a shining eye]
 57257 | Depths:1 | Lost mutation: You are agile. (Dex +4, Str/Int -1) [potion
                  | of mutation]
 57257 | Depths:1 | Lost mutation: Your flesh is cold resistant. (rC+) [potion
                  | of mutation]
 57258 | Depths:1 | Lost mutation: You are partially covered in iridescent
                  | scales. (AC +2) [potion of mutation]
 57258 | Depths:1 | Lost mutation: Your flesh is heat resistant. (rF+) [potion
                  | of mutation]
 57258 | Depths:1 | Gained mutation: Your system is resistant to poisons.
                  | (rPois) [potion of mutation]
 57258 | Depths:1 | Lost mutation: You are weak. (Str -2) [potion of mutation]
 57258 | Depths:1 | Lost mutation: Your spells are a little easier to cast, but
                  | a little less powerful. [potion of mutation]
 57259 | Depths:1 | Lost mutation: You are dopey. (Int -2) [potion of mutation]
 57259 | Depths:1 | Lost mutation: You occasionally lose the ability to drink
                  | potions when taking damage. [potion of mutation]
 57259 | Depths:1 | Gained mutation: You expend magic power (3 MP) to
                  | strengthen your wands. [potion of mutation]
 57259 | Depths:1 | Gained mutation: You are dopey. (Int -2) [potion of
                  | mutation]
 57259 | Depths:1 | Gained mutation: Your movements are slightly less
                  | encumbered by armour. (ER -2) [potion of mutation]
 57260 | Depths:1 | Lost mutation: You are dopey. (Int -2) [potion of mutation]
 57260 | Depths:1 | Lost mutation: Your system is resistant to poisons. (rPois)
                  | [potion of mutation]
 57260 | Depths:1 | Lost mutation: You occasionally lose the ability to read
                  | scrolls when taking damage. [potion of mutation]
 57260 | Depths:1 | Gained mutation: Potions are less effective at restoring
                  | your health. [potion of mutation]
 57260 | Depths:1 | Gained mutation: You are partially covered in iridescent
                  | scales. (AC +2) [potion of mutation]
 57260 | Depths:1 | Gained mutation: Your skin changes colour to match your
                  | surroundings (Stealth+). [potion of mutation]
 57261 | Depths:1 | Lost mutation: Your movements are slightly less encumbered
                  | by armour. (ER -2) [potion of mutation]
 57261 | Depths:1 | Lost mutation: Potions are less effective at restoring your
                  | health. [potion of mutation]
 57261 | Depths:1 | Gained mutation: Your flesh is cold resistant. (rC+)
                  | [potion of mutation]
 57261 | Depths:1 | Gained mutation: You have a pair of small antennae on your
                  | head. [potion of mutation]
 57363 | Depths:1 | Found a portal to a secret trove of treasure.
 57628 | Depths:1 | Found a one-way gateway to a ziggurat.
 57740 | Depths:1 | Received a gift from Nemelex Xobeh
 57994 | Depths:1 | Found a one-way gate to the infinite horrors of the Abyss.
 57998 | Depths:1 | Found a gateway to Hell.
 58008 | Depths:1 | Identified the staff of the Witching Firefly {Fly rPois
                  | rF+++ rC- rN+ Poison}
 58052 | Depths:1 | Identified the +1 plate armour of Bitterness {Int+6}
 58319 | Depths:2 | Found Bourphu's Book Shoppe.
 58321 | Depths:2 | Found Tuteem's Jewellery Boutique.
 58322 | Depths:2 | Found Mokucy's Book Shoppe.
 58537 | Depths:2 | Noticed the Enchantress
 58538 | Depths:2 | Identified the +5 ring mail "Mieqen" {Fly rElec rPois
                  | Dex-5}
 58551 | Depths:2 | Reached skill level 17 in Invocations
 58565 | Depths:2 | Killed the Enchantress
 58672 | Depths:2 | Identified the +9 quarterstaff of Fazitet {freeze, Str+4
                  | Dex-3 SInv Stlth+}
 58864 | Depths:2 | Reached skill level 15 in Evocations
 59041 | Depths:2 | Reached XP level 25. HP: 197/201 MP: 8/39
 59897 | Depths:2 | Found a runed translucent door.
 59897 | Depths:2 | Found a runed translucent door.
 60285 | Depths:2 | Identified the +8 dagger "Wini" {freeze, rN++ Int+3}
 60478 | Depths:2 | Lost mutation: Your flesh is cold resistant. (rC+) [potion
                  | of mutation]
 60478 | Depths:2 | Lost mutation: Your skin changes colour to match your
                  | surroundings (Stealth+). [potion of mutation]
 60478 | Depths:2 | Gained mutation: You have large cloven feet. [potion of
                  | mutation]
 60995 | Depths:2 | Received a gift from Nemelex Xobeh
 61008 | Depths:2 | Found a one-way gate leading to the halls of Pandemonium.
 61341 | Depths:3 | Lost mutation: You expend magic power (3 MP) to strengthen
                  | your wands. [potion of mutation]
 61341 | Depths:3 | Lost mutation: You have a pair of small antennae on your
                  | head. [potion of mutation]
 61341 | Depths:3 | Gained mutation: You are frail. (-10% HP) [potion of
                  | mutation]
 61341 | Depths:3 | Gained mutation: You possess an exceptional clarity of
                  | mind. [potion of mutation]
 61876 | Depths:3 | Received a gift from Nemelex Xobeh
 62410 | Depths:3 | Acquired 1180 gold pieces
 62830 | Depths:4 | Entered Level 4 of the Depths
 62833 | Depths:4 | Noticed Boris
 62858 | Depths:4 | Killed Boris
 62923 | Depths:4 | Lost mutation: You are occasionally teleported next to
                  | monsters. [potion of mutation]
 62923 | Depths:4 | Lost mutation: You are frail. (-10% HP) [potion of
                  | mutation]
 62923 | Depths:4 | Lost mutation: You are partially covered in iridescent
                  | scales. (AC +2) [potion of mutation]
 62923 | Depths:4 | Gained mutation: Your skin changes colour to match your
                  | surroundings (Stealth+). [potion of mutation]
 62989 | Depths:4 | Received a gift from Nemelex Xobeh
 63259 | Depths:4 | Received a gift from Nemelex Xobeh
 63557 | Depths:4 | Found a gate to the Realm of Zot.
 63726 | Depths:4 | Received a gift from Nemelex Xobeh
 63931 | Depths:4 | Noticed Parghit
 63937 | Depths:4 | Killed Parghit
 64557 | Shoals:4 | Bought the ring "Xitoc" {*Corrode rElec Will+ Int+5 Slay+4}
                  | for 1525 gold pieces
 64854 | Zot:1    | Entered Level 1 of the Realm of Zot
 65095 | Crypt:1  | Entered Level 1 of the Crypt
 65170 | Crypt:1  | Reached skill level 18 in Invocations
 65419 | Crypt:1  | Received a gift from Nemelex Xobeh
 65694 | Crypt:1  | Found a basalt altar of Yredelemnul.
 65694 | Crypt:1  | Found the +8 longbow "Zephyr" {speed, Dex+3 SInv}
 65819 | Crypt:1  | Reached skill level 15 in Conjurations
 66119 | Crypt:1  | Reached XP level 26. HP: 181/208 MP: 36/41
 66260 | Crypt:1  | Received a gift from Nemelex Xobeh
 67038 | Crypt:2  | Reached skill level 15 in Spellcasting
 67636 | Crypt:2  | Received a gift from Nemelex Xobeh
 67953 | Crypt:3  | Entered Level 3 of the Crypt
 68487 | Crypt:3  | Noticed Saint Roka
 68506 | Crypt:3  | Killed Saint Roka
 68526 | Crypt:3  | Paralysed by a vampire knight for 3 turns
 68973 | Crypt:3  | Noticed an ancient lich
 68994 | Crypt:3  | Killed an ancient lich
 69217 | Crypt:3  | Found an ancient bone altar of Kikubaaqudgha.
 69295 | Crypt:3  | Identified the staff of Might {rF- rC+ rCorr Str+2 Dex+3
                  | Ice}
 69297 | Crypt:3  | Got the Vellum of Cadavers
 69303 | Crypt:3  | Got the Dissertation on Injury
 69304 | Crypt:3  | Identified the amulet of Cerai {Spirit rElec}
 69444 | Crypt:3  | Received a gift from Nemelex Xobeh
 69451 | Crypt:3  | Found a staircase to the Tomb.
 70518 | Zot:1    | Received a gift from Nemelex Xobeh
 70700 | Zot:1    | Identified the +3 shortbow of the Tundras {heavy, Dex+2}
 70795 | Zot:1    | Identified the +1 scale mail "Qeama" {Fly Will++ Dex+3
                  | Stlth-}
 70827 | Zot:2    | Received a gift from Nemelex Xobeh
 71049 | Zot:2    | Reached skill level 19 in Invocations
 71532 | Zot:2    | Reached XP level 27. HP: 204/217 MP: 35/43
 71692 | Zot:2    | Noticed an ancient lich
 71705 | Zot:2    | Killed an ancient lich
 71988 | Zot:2    | Noticed an ancient lich
 72003 | Zot:2    | Killed an ancient lich
 72536 | Zot:3    | Received a gift from Nemelex Xobeh
 72989 | Zot:3    | Received a gift from Nemelex Xobeh
 73138 | Zot:3    | Received a gift from Nemelex Xobeh
 73563 | Zot:5    | Entered Level 5 of the Realm of Zot
 74134 | Zot:4    | Received a gift from Nemelex Xobeh
 74614 | Zot:5    | Found a transporter.
 74616 | Zot:5    | Found a transporter.
 74642 | Zot:5    | Found a transporter.
 74643 | Zot:5    | Found a transporter.
 75418 | Zot:5    | Found a transporter.
 75424 | Zot:5    | Found a transporter.
 75470 | Zot:5    | Found Ysirchaite's Changing Room.
 75785 | Zot:5    | Noticed a dread lich
 75810 | Zot:5    | Killed a dread lich
 75811 | Zot:5    | Reached skill level 20 in Invocations
 75975 | Zot:5    | Noticed an orb of fire
 76126 | Zot:5    | Noticed an orb of fire
 76135 | Zot:5    | Found a transporter.
 76136 | Zot:5    | Found a transporter.
 76139 | Zot:5    | Found a transporter.
 76188 | Zot:5    | Noticed an ancient lich
 76199 | Zot:4    | Killed an ancient lich
 76289 | Zot:5    | Noticed an ancient lich
 76296 | Zot:5    | Gained mutation: You occasionally lose the ability to drink
                  | potions when taking damage. [an orb of fire]
 76298 | Zot:5    | Gained mutation: Your spells are a little easier to cast,
                  | but a little less powerful. [an orb of fire]
 76300 | Zot:5    | Killed an ancient lich
 76301 | Zot:5    | Reached skill level 10 in Stealth
 76302 | Zot:5    | Gained mutation: You expend magic power (3 MP) to
                  | strengthen your wands. [an orb of fire]
 76307 | Zot:5    | Killed an orb of fire
 76418 | Zot:5    | Noticed a dread lich
 76429 | Zot:5    | Killed a dread lich
 76430 | Zot:5    | Killed an orb of fire
 76846 | Zot:5    | Found a transporter.
 76847 | Zot:5    | Found a transporter.
 77090 | Zot:5    | Found Ysirchaite's Changing Room.
 77248 | Zot:5    | Noticed a dread lich
 77262 | Zot:5    | Noticed an ancient lich
 77264 | Zot:5    | Noticed a dread lich
 77274 | Zot:5    | Killed a dread lich
 77284 | Zot:5    | Killed an ancient lich
 77292 | Zot:5    | Killed a dread lich
 77421 | Zot:5    | Noticed an ancient lich
 77430 | Zot:5    | Killed an ancient lich
 78128 | Zot:5    | Got the Orb of Zot
 78275 | Depths:3 | Noticed Boris
 78337 | Depths:1 | Noticed Jibimaull the pandemonium lord
 78651 | D:$      | Escaped with the Orb!

Illustrated notes

Levels and vault maps discovered:
D:1:      eino_arrival_druids_welcome, layout_rooms,
          hellmonk_ecumenical_altar_dog_temple
D:2:      layout_basic
D:3:      layout_loops_corners
D:4:      layout_loops_ring, uniq_menkaure, uniq_blork_the_orc, uniq_grinder
D:5:      layout_basic, minmay_temple_entry_ruins, lightli_church_of_beogh
D:6:      layout_loops_ring, serial_shops, nicolae_shop_drivethru, st_stairs_4,
          uniq_duvessa
D:7:      layout_loops_ring, mainiacjoe_overflow_alcove_2,
          fedhas_ov_isle_minmay, mainiacjoe_overflow_catwalk,
          kennysheep_big_empty_room, grunt_decor_clamped, uniq_prince_ribbit1
D:8:      layout_loops_ring, hangedman_decor_growths, uniq_jeremiah, uniq_joseph
D:9:      layout_roguey, nicolae_elyvilon_peaceful_grove, uniq_psyche,
          uniq_erica, uniq_pikel
D:10:     layout_long_grid, mainiacjoe_overflow_cross_hatched,
          kennysheep_vampire_church, kennysheep_mini_moat, lair_entry_dummy
D:11:     layout_cave_pools, hiddenorc1_lemuel, trog_three_pillars_becter
D:12:     layout_gridville, minivault_13
D:13:     layout_roguey, ximxim_vaults_locker_room, cheibrodos_ashenzari_chains
D:14:     layout_irregular_city, nicolae_titane, gauntlet_entry_generic
D:15:     hangedman_depths_entry_civil_slaughter, layout_basic,
          roderic_lattice_octagonal_star, drop_trap,
          nicolae_concentric_dashed_squares_wild
Lair:1:   layout_loops_ring
Lair:2:   layout_roguey, elwin_shoals_entry_stream, grunt_megastairs_5
Lair:3:   layout_cave_pods, nicolae_snake_entry_warm_welcome
Lair:4:   layout_layer_cave, slime_entry_1
Lair:5:   due_jungle_book, layout_cave_pods, grunt_forest_stairs_basic,
          grunt_megastairs_3
Shoals:1: layout_shoals, nicolae_shoals_pincushion_passage
Shoals:2: nicolae_shoals_deep_elves_summer_vacation, layout_shoals, uniq_donald
Shoals:3: layout_shoals, nicolae_shop_vocational
Shoals:4: shoals_end_grunt_garden, layout_shoals, serial_shops, shop,
          yaktaur_hedge, uniq_polyphemus
Snake:1:  layout_gridlike, serial_shops, shop, nicolae_snake_boneroom,
          uniq_asterion
Snake:2:  layout_misc_corridors, uniq_aizul
Snake:3:  layout_misc_corridors, corexii_hall_statues_l
Snake:4:  hellmonk_snake_rune_quicksilver_temple, layout_chambers,
          statue_in_the_mist_lemuel, st_stairs_2,
          nicolae_shop_sticking_my_neck_out, uniq_agnes
Orc:1:    layout_caves, serial_shops, nicolae_shop_window_shopping
Orc:2:    kennysheep_orc_mage_school, layout_caves, serial_shops, shop,
          uniq_nessos
Elf:1:    layout_loops_cross, minmay_elf_crystal_hexagon
Elf:2:    nicolae_elf_blades_splatter_lattice [grunt_blade_entry_basic],
          layout_geoelf_grid, portal_ice_cave_entry_dragon, minivault_16,
          uniq_azrael, uniq_zenata
Elf:3:    minmay_elf_hall_spiked, layout_gridlike, small_statue_intersection,
          nicolae_elf_shapeshifter_party, uniq_roxanne
Vaults:1: nicolae_vaults_border_crossing, nicolae_vaults_disappearing_quadrants,
          v_alt_pattern_2, nicolae_vaults_layer_cake_slice,
          layout_vaults_chaotic_city
Vaults:2: nicolae_vaults_closet_pinwheel_4, nicolae_vaults_tetromino_T_1,
          nicolae_vaults_network_s, minmay_crypt_entry_simple_statues,
          nicolae_vaults_cochlea, v_misc_10, nicolae_vaults_six-pack,
          ontoclasm_vaults_ring_large, nicolae_vaults_mini_display_case,
          v_misc_31, ontoclasm_vaults_claustrophobia, v_alt_pattern_1,
          nicolae_vaults_tetromino_T_2, layout_vaults_omnibox, serial_shops,
          shop, uniq_norris
Vaults:3: nicolae_vaults_specimen_jars, hangedman_vaults_stretched_pinwheel,
          vaults_room_semicircle, nicolae_vaults_shock_wave,
          vaults_room_semicircle, vaults_standard_mumra_x,
          nicolae_vaults_ninety_degrees, hangedman_vaults_capsules,
          nicolae_vaults_double_plus_1, nicolae_vaults_heart-shaped_vault,
          nicolae_vaults_tangram_2, hangedman_vaults_trim,
          nicolae_vaults_house_1, vaults_dpeg_ring, ontoclasm_vaults_twist,
          layout_vaults_omnicross
Vaults:4: nicolae_vaults_twisting_passages, v_misc_1, hangedman_vaults_stream,
          nicolae_vaults_trapezoid_1, ontoclasm_vaults_hangar,
          ontoclasm_vaults_misaligned, nicolae_vaults_asterisk, v_alt_pattern_1,
          ontoclasm_vaults_loading_screen, nicolae_vaults_tetromino_Z_2,
          ontoclasm_vaults_idyll, layout_vaults_maze_snakey, serial_shops,
          nicolae_shop_back_alley_shop
Vaults:5: serial_shops, uniq_mara, uniq_margery, uniq_mennas
Crypt:1:  layout_gridlike, nicolae_nh_vlads_tower, grunt_crypt_arrival_webbed
Crypt:2:  layout_rooms, nicolae_elevator_lobby_asterisk
Crypt:3:  cryptofortress_bobbens, uniq_saint_roka
Depths:1: layout_cave_pools, enter_ziggurat_e, kennysheep_another_room,
          enter_trove_1, special_room [special_room_jelly], lightli_too_deep,
          abyss_entry, kennysheep_generic_room_8
Depths:2: minmay_the_grid_triangle_9x9_rhombus_full
          [minmay_the_grid_triangle_9x9_empty,
          minmay_the_grid_triangle_9x9_from_above,
          minmay_the_grid_triangle_9x9_zippers_horizontal,
          minmay_the_grid_triangle_9x9_swiss_cheese,
          minmay_the_grid_triangle_9x9_thin_v,
          minmay_the_grid_triangle_9x9_wacky_v,
          minmay_the_grid_triangle_9x9_tough_junction,
          minmay_the_grid_triangle_9x9_prize_schism], layout_small_grid,
          grunt_pan_entry_spiral, hell_entry, grunt_potential,
          minmay_shop_grove, uniq_enchantress
Depths:3: minmay_imperfect_grid, layout_cave_shapes, hell_entry,
          infiniplex_staircase_trident, abyss_entry
Depths:4: grunt_zot_entry_tricorne, layout_gridlike, hell_entry,
          abyss_entry_glasseish, nicolae_eternal_life, uniq_parghit, uniq_boris
Zot:1:    layout_cellular_growth
Zot:2:    hangedman_snap_crack_crunch, layout_onion_interference
Zot:3:    layout_gridlike, hangedman_zot_diagonal_lockstep
Zot:4:    kennysheep_six_static_rooms, layout_misc_corridors, lemuel_elevator
Zot:5:    layout_twisted_circle, nicolae_transmutations_shop, st_stairs_4,
          serial_nicolae_subway, nicolae_sub_station_metal,
          nicolae_sub_station_crystal, nicolae_sub_station_stone

Skill      XL: |  1  2  3  4  5  6  7  8  9 10 11 12 13 14 15 16 17 18 19 20 21 22 23 24 25 26 27 |
---------------+----------------------------------------------------------------------------------+-----
Ice Magic      | 1 2 3 4 6 7 10 | 10.0
Fighting       | 1 2 3 4 5 7 10 12 13 15 16 17 18 19 | 19.0
Stealth        | 3 4 5 6 7 11 | 11.8
Short Blades   | 2 3 4 6 7 8 10 | 10.0
Throwing       | 1 3 6 |  6.0
Spellcasting   | 3 4 5 6 7 8 10 11 12 14 16 17 | 17.0
Hexes          | 4 5 6 7 8 |  8.0
Invocations    | 1 2 3 4 5 7 8 10 12 14 16 17 18 19 20 | 20.0
Evocations     | 2 3 4 7 11 15 16 17 | 17.0
Summonings     | 4 5 |  5.0
Long Blades    | 6 10 12 13 14 | 14.6
Armour         | 1 3 6 7 8 12 14 | 14.9
Dodging        | 3 5 6 8 11 12 14 | 14.5
Conjurations   | 6 10 12 15 18 | 18.0
Transmutations | 6 10 11 12 | 12.0
Shields        | 1 5 9 11 13 14 15 | 15.0
Translocations | 5 9 10 | 10.0
Air Magic      | 3 7 10 | 10.0
Earth Magic    | 2 7 10 11 12 | 12.0

Action                     |  1- 3 |  4- 6 |  7- 9 | 10-12 | 13-15 | 16-18 | 19-21 | 22-24 | 25-27 || total
---------------------------+-------+-------+-------+-------+-------+-------+-------+-------+-------++-------
  Melee: Dagger            |   126 |   102 |   109 |    16 |     7 |     8 |       |       |    74 ||   442
         Punch             |     1 |     1 |     3 |     4 |     5 |       |       |       |       ||    14
         Short sword       |       |       |   170 |    36 |       |       |       |       |       ||   206
         Scimitar          |       |       |       |   278 |   696 |   469 |   963 |   972 |  1289 ||  4667
  Throw: Stone             |     4 |     6 |    26 |    23 |       |       |       |       |       ||    59
         Dart              |       |       |       |     1 |     6 |     3 |     6 |    13 |     2 ||    31
         Boomerang         |       |       |       |       |    99 |   204 |   563 |    97 |    27 ||   990
         Javelin           |       |       |       |       |       |       |       |    24 |    47 ||    71
         Throwing net      |       |       |       |       |       |       |       |       |     6 ||     6
   Cast: Ensorcelled Hiber |    15 |    23 |    48 |    59 |       |       |       |       |       ||   145
         Confusing Touch   |       |     1 |    13 |     5 |       |       |     1 |       |       ||    20
         Summon Guardian G |       |       |       |     5 |       |       |       |       |       ||     5
         Tukima's Dance    |       |       |       |     2 |       |       |       |       |       ||     2
         Irradiate         |       |       |       |       |    53 |   127 |   197 |   218 |   292 ||   887
         Passwall          |       |       |       |       |       |       |     5 |     1 |     3 ||     9
         Iskenderun's Myst |       |       |       |       |       |       |     6 |    29 |    14 ||    49
         Lee's Rapid Decon |       |       |       |       |       |       |    10 |    11 |   113 ||   134
         Freezing Cloud    |       |       |       |       |       |       |       |     2 |       ||     2
         Blink             |       |       |       |       |       |       |       |     2 |     3 ||     5
         Yara's Violent Un |       |       |       |       |       |       |       |    10 |    35 ||    45
         Apportation       |       |       |       |       |       |       |       |       |     5 ||     5
 Invoke: Draw Destruction  |       |     6 |     7 |    22 |    52 |    31 |    37 |    34 |    40 ||   229
         Draw Summoning    |       |     2 |     1 |    12 |    14 |    14 |    15 |    18 |    15 ||    91
         Draw Escape       |       |       |       |     5 |     1 |       |       |     3 |     2 ||    11
         Stack Five        |       |       |       |       |     1 |       |     1 |     1 |     1 ||     4
         Draw Stack        |       |       |       |       |     1 |     2 |     5 |     2 |     1 ||    11
         Deal Four         |       |       |       |       |     3 |     6 |     3 |     7 |     6 ||    25
         Triple Draw       |       |       |       |       |       |       |       |     2 |       ||     2
Ability: Hop               |       |       |     1 |     3 |     1 |     1 |     2 |     1 |     7 ||    16
  Evoke: Wand              |       |     2 |     3 |     7 |     3 |     3 |    37 |     3 |    42 ||   100
         Phial of floods   |       |       |       |       |     2 |     2 |     3 |     2 |     1 ||    10
         Condenser vane    |       |       |       |       |     1 |     2 |     3 |     5 |     7 ||    18
         Phantom mirror    |       |       |       |       |       |     1 |     1 |     4 |     1 ||     7
         Lightning rod     |       |       |       |       |       |       |     9 |    29 |    23 ||    61
         Box of beasts     |       |       |       |       |       |       |       |     1 |       ||     1
    Use: Scroll            |       |     2 |     1 |     5 |    14 |     7 |    21 |    16 |    18 ||    84
         Potion            |       |       |     3 |     1 |     4 |       |     7 |     7 |    20 ||    42
   Stab: Sleeping          |    16 |    22 |    43 |    43 |     3 |     8 |     5 |     8 |    21 ||   169
         Paralysed         |       |     3 |       |     4 |     2 |       |       |     4 |    22 ||    35
         Confused          |       |       |     9 |     3 |       |       |     2 |       |       ||    14
         Distracted        |       |       |       |     5 |     1 |     3 |     7 |    10 |    14 ||    40
         Petrified         |       |       |       |       |     5 |    11 |       |     9 |    10 ||    35
         Petrifying        |       |       |       |       |     1 |       |       |       |     2 ||     3
         Invisible         |       |       |       |       |       |       |       |       |    11 ||    11
         Held in net/web   |       |       |       |       |       |       |       |       |     8 ||     8
 Armour: Robe              |    35 |    28 |    74 |   107 |       |       |       |       |       ||   244
         Troll leather arm |       |       |       |       |   210 |   170 |   226 |   276 |   336 ||  1218
  Dodge: Dodged            |    81 |    62 |    88 |   190 |   253 |   181 |   333 |   394 |   652 ||  2234
  Block: Buckler           |       |       |       |       |    82 |    65 |       |       |       ||   147
         Kite shield       |       |       |       |       |       |   262 |   816 |   974 |  1224 ||  3276
         Reflection        |       |       |       |       |       |       |    99 |    84 |    10 ||   193

Table legend: (Time is in decaauts)
 A = Elapsed time spent in this place.
 B = Non-inter-level travel time spent in this place.
 C = Inter-level travel time spent in this place.
 D = Time resting spent in this place.
 E = Time spent auto-exploring this place.
 F = Levels seen in this place.
 G = Mean time per level.
                   A        B        C        D        E       F      G
               +--------+--------+--------+--------+--------+-----+--------+
         Total |  84978 |  76964 |   8014 |   4139 |  55707 |  53 | 1603.4 |
       Dungeon |  23179 |  20290 |   2889 |   1199 |  14868 |  15 | 1545.3 |
          Lair |   6654 |   5809 |    845 |     77 |   4739 |   5 | 1330.8 |
        Shoals |   6619 |   5924 |    695 |    414 |   3832 |   4 | 1654.8 |
     Snake Pit |   6591 |   6193 |    398 |    105 |   4686 |   4 | 1647.8 |
  Orcish Mines |   2628 |   1882 |    746 |    120 |   1395 |   2 | 1314.0 |
   Elven Halls |   5574 |   5022 |    552 |    438 |   3453 |   3 | 1858.0 |
        Vaults |  10864 |  10281 |    583 |    463 |   7416 |   5 | 2172.8 |
         Crypt |   5005 |   4891 |    114 |     84 |   3525 |   3 | 1668.3 |
        Depths |   7627 |   6741 |    886 |    391 |   5077 |   4 | 1906.8 |
           Zot |   8527 |   8226 |    301 |    787 |   5620 |   5 | 1705.4 |
         Abyss |    127 |    127 |      0 |      0 |      0 |   1 |  127.0 |
      Ice Cave |    926 |    926 |      0 |      0 |    643 |   1 |  926.0 |
      Gauntlet |    650 |    650 |      0 |     58 |    448 |   1 |  650.0 |
               +--------+--------+--------+--------+--------+-----+--------+

Top non-repeatable levels by time:
Vaults:5: 3001 daAuts
   Zot:5: 2931 daAuts
Depths:2: 2893 daAuts
   Elf:3: 2785 daAuts
    D:15: 2487 daAuts
Vaults:2: 2295 daAuts
    D:12: 2060 daAuts
Shoals:4: 2027 daAuts
     D:8: 2027 daAuts
 Crypt:1: 1985 daAuts
Shoals:2: 1961 daAuts
 Crypt:3: 1961 daAuts
   Orc:2: 1949 daAuts
Vaults:4: 1920 daAuts
 Snake:4: 1911 daAuts
